 Dungeon Crawl Stone Soup version 0.31.0-32-g396128a36d (webtiles) character file.

Game seed: 4475600900857200574

112 PaiMei the Grave Robber (level 4, -4/33 HPs)
             Began as a Demonspawn Necromancer on Apr 11, 2024.
             Slain by a gnoll
             ... wielding a +0 flail
             ... led by a gnoll bouda
              (8 damage)
             ... on level 3 of the Dungeon.
             The game lasted 00:03:11 (2786 turns).

PaiMei the Grave Robber (Demonspawn Necromancer)    Turns: 2786, Time: 00:03:12

Health: -4/33      AC:  5    Str:  8    XL:     4   Next: 63%
Magic:  8/8        EV: 12    Int: 17    God:
Gold:   78         SH:  4    Dex: 14    Spells: 7/8 levels left

rFire   . . .        r - staff of death
rCold   . . .        (no shield)
rNeg    + . .        a - +0 robe
rPois   .            d - +2 helmet
rElec   .            (no cloak)
rCorr   .            (no gloves)
SInv    .            (no boots)
Will    .....        (no amulet)
Stlth   ++           (no ring)
HPRegen 0.25/turn    (no ring)
MPRegen 0.11/turn

%: no passive effects
@: studying Alchemy
A: large bone plates 1, powered by death 1, powered by pain 1
a: no special abilities


You were on level 3 of the Dungeon.
You visited 1 branch of the dungeon, and saw 3 of its levels.

You collected 78 gold pieces.

Inventory:

Hand Weapons
 j - a +0 mace
Missiles
 l - 4 poisoned darts (quivered)
Armour
 a - a +0 robe (worn)
 d - a +2 helmet (worn)
Magical Staves
 r - a staff of death (weapon)
Scrolls
 c - a scroll of fog {unknown}
 e - a scroll of blinking {unknown}
 f - a scroll of brand weapon {unknown}
 g - a scroll of poison {unknown}
 h - a scroll of vulnerability {unknown}
 i - 2 scrolls of identify {unknown}
 p - a scroll of teleportation {unknown}
Potions
 b - a potion of magic
 k - 2 potions of curing {unknown}
 m - 2 potions of heal wounds {unknown}
 n - a potion of attraction {unknown}
 o - a potion of lignification {unknown}
 q - a potion of haste {unknown}


   Skills:
 + Level 1.6 Fighting
 + Level 2.7 Dodging
 - Level 2.0 Stealth
 + Level 2.7 Spellcasting
 + Level 5.1 Necromancy


You had 7 spell levels left.
You knew the following spells:

 Your Spells              Type           Power      Damage    Failure   Level
a - Necrotise             Necr           100%       1d9       2%          1

Your spell library contained the following spells:

 Spells                   Type           Power      Damage    Failure   Level
 Vampiric Draining        Necr           29%        2d8       7%          3
 Foxfire                  Conj/Fire      8%         2x1d4     19%         1
 Magic Dart               Conj           8%         1d3       19%         1
 Slow                     Hex            8%         N/A       19%         1
 Animate Dead             Necr           29%        N/A       22%         4
 Blink                    Tloc           4%         N/A       26%         2
 Call Imp                 Summ           4%         N/A       26%         2
 Confusing Touch          Hex            2%         N/A       47%         3
 Sigil of Binding         Hex            2%         N/A       47%         3
 Curse of Agony           Necr           29%        N/A       52%         5
 Summon Blazeheart Golem  Fire/Summ      2%         N/A       87%         4
 Orb of Destruction       Conj           1%         9d5       100%        7
 Spellforged Servitor     Conj/Summ      1%         N/A       100%        7


Dungeon Overview and Level Annotations

Branches:
Dungeon (3/15)

Altars:


Innate Abilities, Weirdness & Mutations

You are partially covered in large bone plates. (SH +4)
You regenerate a little health from kills.
You sometimes gain a little power by taking damage.


Message History

You block the gnoll's attack.
The gnoll bouda barks out a call to the hunt!
The gnolls pick up the pace!
The gnoll closely misses you.
You hear a shout!
The gnoll hits you with a +0 flail.
Casting: Necrotise (safe; 2% risk of failure)
Confirm with . or Enter, or press ? or * to list all spells.
Aiming: Necrotise (safe; 2% risk of failure)
Press: ? - help, Shift-Dir - straight line, f - gnoll
Aim: a gnoll, wielding a +0 flail (covering ground quickly, chance to affect: 88%)
You feel a surge of power!
The gnoll writhes in agony.
The gnoll is no longer moving quickly.
You block the gnoll's attack. The gnoll closely misses you.
The gnoll attacks as it pursues you! The gnoll hits you with a +0 flail.
Your attacks no longer feel as feeble.
The gnoll attacks as it pursues you! The gnoll closely misses you.
The gnoll barely misses you.
The gnoll bouda barks out a call to the hunt!
The gnoll picks up the pace!
The gnoll hits you with a +0 flail. The gnoll attacks as it pursues you!
The gnoll hits you with a +0 flail.
Casting: Necrotise (safe; 2% risk of failure)
Confirm with . or Enter, or press ? or * to list all spells.
Aiming: Necrotise (safe; 2% risk of failure)
Press: ? - help, Shift-Dir - straight line, f/p - gnoll
Aim: a gnoll, wielding a +0 flail (moderately wounded, covering ground quickly, chance to affect: 88%)
You feel a surge of power!
The gnoll writhes in agony!
You block the gnoll's attack. The gnoll hits you but does no damage.
The gnoll is no longer moving quickly.
The gnoll bouda barks out a call to the hunt!
The gnoll picks up the pace!
The gnoll attacks as it pursues you! The gnoll misses you.
The gnoll attacks as it pursues you! The gnoll hits you with a +0 flail. x2
The gnoll attacks as it pursues you! The gnoll hits you with a +0 flail!
* * * LOW HITPOINT WARNING * * *
You focus on the pain.
You feel your power returning.
There is a stone staircase leading up here.
The gnoll is no longer moving quickly. x2; The gnoll hits you with a +0 flail!
You die...

###### #....#
#....# #....#
......#
#..g@#
......#
#..g.#
......#
##..g.####
......#
#.g#.##..#
......#
#.#.....##
......#
##g#..#.##
....#
##g.#....#
....#
####K.##...##
....#
#....###...#


You could see a gnoll bouda, 5 gnolls and a kobold.

Vanquished Creatures
  Jessica (D:3)
  3 adders (D:2)
  A dart slug (D:3)
  2 ribbon worms
  A bat (D:1)
  5 endoplasms
  6 giant cockroaches
  2 goblins
  3 hobgoblins (D:2)
  3 jackals (D:1)
  6 kobolds
  2 quokkas
  4 ball pythons
  2 frilled lizards
  6 rats
47 creatures vanquished.

Vanquished Creatures (collateral kills)
  An endoplasm (D:2)
  A hobgoblin (D:2)
2 creatures vanquished.

Grand Total: 49 creatures vanquished

Notes
Turn   | Place    | Note
-------+----------+-------------------------------------------
     0 | D:1      | PaiMei the Demonspawn Necromancer began the quest for the
                  | Orb.
     0 | D:1      | Reached XP level 1. HP: 13/13 MP: 3/3
   647 | D:1      | Gained mutation: You are partially covered in large bone
                  | plates. (SH +4) [demonic ancestry]
   647 | D:1      | Reached XP level 2. HP: 18/19 MP: 0/5
  1013 | D:1      | Found a faded altar of an unknown god.
  1017 | D:1      | Got Plato's Directory of the Tropics
  1354 | D:2      | Gained mutation: You regenerate a little health from kills.
                  | [demonic ancestry]
  1354 | D:2      | Reached XP level 3. HP: 25/25 MP: 4/6
  1646 | D:2      | Reached skill level 1 in Fighting
  1781 | D:2      | Gained mutation: You sometimes gain a little power by
                  | taking damage. [demonic ancestry]
  1781 | D:2      | Reached XP level 4. HP: 30/32 MP: 0/7
  2258 | D:3      | Reached skill level 5 in Necromancy
  2642 | D:3      | Noticed Jessica
  2647 | D:3      | Killed Jessica
  2786 | D:3      | Slain by a gnoll

Illustrated notes

Levels and vault maps discovered:
D:1:      beargit_arrival_diablo_church, layout_loops_ring,
          shapermc_ecumenical_altar_rom_forum
D:2:      layout_loops_cross, chequers_serial_rivers_small_b
D:3:      layout_rooms, gammafunk_ghost_grave, uniq_jessica,
          uniq_crazy_yiuf_cottage

Skill      XL: |  1  2  3  4 |
---------------+-------------+-----
Stealth        | 2 |  2.0
Dodging        | 2 |  2.7
Fighting       | 1 |  1.6
Necromancy     | 5 |  5.1
Spellcasting   | |  2.7

Action                     |  1- 3 |  4- 6 || total
---------------------------+-------+-------++-------
  Melee: Whip              |    34 |       ||    34
         Unarmed           |     6 |       ||     6
         Mace              |    28 |    21 ||    49
   Cast: Necrotise         |    54 |    32 ||    86
 Armour: Robe              |    58 |    21 ||    79
  Dodge: Dodged            |    52 |    20 ||    72
  Block: Other             |     3 |     7 ||    10
